 Dungeon Crawl Stone Soup version 0.23-a0-396-g5214e5f (webtiles) character file.

49 GizzardofKazz the Chopper (level 3, -3/27 HPs)
             Began as a Demonspawn Gladiator on Nov 3, 2018.
             Slain by a worm (8 damage)
             ... on level 2 of the Dungeon.
             The game lasted 00:02:45 (1407 turns).

GizzardofKazz the Chopper (Demonspawn Gladiator)    Turns: 1407, Time: 00:02:46

Health: -3/27      AC:  6    Str: 15    XL:     3   Next: 51%
Magic:  3/3        EV:  4    Int:  9    God:
Gold:   116        SH:  0    Dex: 14    Spells: 2/2 levels left

rFire    + . .     SeeInvis .   a - +0 war axe
rCold    . . .     Gourm    .   (no shield)
rNeg     . . .     Faith    .   n - +0 plate armour
rPois    .         Spirit   .   (helmet restricted)
rElec    .         Reflect  .   (no cloak)
rCorr    .         Harm     .   (no gloves)
MR       .....                  (no boots)
Stlth    ..........             m - amulet of rage
HPRegen  0.09/turn              b - -4 ring of protection (curse)
MPRegen  0.08/turn              (no ring)

@: lethally poisoned (-3 -> -4)
A: horns 1, fire resistance 1
a: Evoke Berserk Rage


You were on level 2 of the Dungeon.
You were hungry.

You visited 1 branch of the dungeon, and saw 2 of its levels.

You collected 116 gold pieces.

Inventory:

Hand Weapons
 a - a +0 war axe (weapon)
Missiles
 d - 3 throwing nets (quivered)
Armour
 n - a +0 plate armour (worn)
Jewellery
 b - a cursed -4 ring of protection (left hand)
 m - an amulet of rage (around neck)
Scrolls
 h - a scroll of enchant armour
 i - 2 scrolls of fog
 k - a scroll of identify
 l - a scroll of teleportation
Potions
 e - a potion of resistance {unknown}
 j - a potion of lignification {unknown}
Comestibles
 f - 7 rations
 g - 6 chunks of flesh


   Skills:
 - Level 2.0 Fighting
 + Level 4.2 Axes
 - Level 1.7 Throwing
 - Level 2.6 Dodging


You had 2 spell levels left.
You didn't know any spells.
Your spell library was empty.

Dungeon Overview and Level Annotations

Branches:
Dungeon (2/15)

Altars:


Innate Abilities, Weirdness & Mutations

You have a pair of small horns on your head.
Your flesh is heat resistant. (rF+)


Message History

Your plate armour prevents you from hitting the jackal.
You feel sick.
The jackal bites you but does no damage.
Your plate armour prevents you from hitting the jackal.
The jackal bites you.
* * * LOW HITPOINT WARNING * * *
The jackal barely misses you.
You closely miss the jackal.
The jackal bites you but does no damage.
The jackal bites you.
* * * LOW HITPOINT WARNING * * *
You hit the jackal but do no damage. You headbutt the jackal.
You kill the jackal!
You feel sick.
You hit the worm.
The worm is lightly wounded.
You slash the worm! Your headbutt misses the worm.
The worm is heavily wounded.
The worm bites you!
You die...

#.############
.....hw@.....#
#.##########.# #.# ## #.#
..#####.###
###############.#.......#
#..........§§§#.#...#.#.###
#.###########§#.#...#.#...#
#.# #§#.#...#.#<#.#


You could see a worm and a jackal.

Vanquished Creatures
  An adder (D:2)
  A dart slug (D:2)
  A leopard gecko (D:1)
  2 ball pythons (D:1)
  A bat (D:1)
  2 giant cockroaches (D:1)
  5 goblins
  5 hobgoblins
  3 jackals (D:2)
  2 frilled lizards
  4 kobolds
  4 rats (D:1)
31 creatures vanquished.

Notes
Turn   | Place    | Note
-------+----------+-------------------------------------------
     0 | D:1      | GizzardofKazz the Demonspawn Gladiator began the quest for
                  | the Orb.
     0 | D:1      | Reached XP level 1. HP: 16/16 MP: 1/1
    23 | D:1      | Reached skill level 3 in Axes
    81 | D:1      | Gained mutation: You have a pair of small horns on your
                  | head. [demonic ancestry]
    81 | D:1      | Reached XP level 2. HP: 19/22 MP: 2/2
  1087 | D:2      | Gained mutation: Your flesh is heat resistant. (rF+)
                  | [demonic ancestry]
  1087 | D:2      | Reached XP level 3. HP: 23/27 MP: 3/3
  1384 | D:2      | Reached skill level 4 in Axes
  1407 | D:2      | Slain by a worm

Vault maps used:
D:1:      matt_arrival_spirals, serial_forest, infiniplex_forest_clump_long,
          infiniplex_forest_lined_2, infiniplex_forest_corner_1,
          infiniplex_forest_straight_4, infiniplex_forest_lined_3,
          infiniplex_forest_end_1, infiniplex_forest_lined_corner,
          infiniplex_forest_lined_2
D:2:      first_ration, uniq_sigmund, uniq_natasha

Skill      XL: |  1  2  3 |
---------------+----------+-----
Axes           | 3 4 |  4.2
Fighting       | |  2.0
Throwing       | |  1.7
Dodging        | |  2.6

Action                   || total
-------------------------++-------
Melee: War axe           ||    83
       Headbutt          ||     7
  Use: Scroll            ||     3
 Stab: Sleeping          ||     1
  Eat: Chunk             ||     1
Armor: Leather armour    ||    14
       Plate armour      ||    23
Dodge: Dodged            ||    45

Table legend:
 A = Non-vault XP
 B = Vault XP
 C = Vault XP percentage of total XP
 D = Non-vault monster count
 E = Vault monster count
 F = Vault count percentage of total count
                 A         B        C        D         E       F
            +---------+---------+-------+---------+---------+-------
      Total |      70 |       0 |   0.0 |      31 |       0 |   0.0
            +---------+---------+-------+---------+---------+-------
        D:1 |      35 |       0 |   0.0 |      20 |       0 |   0.0
        D:2 |      35 |       0 |   0.0 |      11 |       0 |   0.0
            +---------+---------+-------+---------+---------+-------
